[ AOE2 MATCH · #481982905 ]
1v1 RMHuns vs Franks
Player's team · LOSS
Rival team · WIN
[ REPLAY ANALYSIS · EXTRACTED FROM THE RECORDED GAME ]
Feudal
12:33
Castle
—
Imperial
—
| APM avg | 15.1 |
| APM peak | 33 |
| eAPM avg | 10.4 |
| Villagers / military | 29 / 23 |
Focus
⚔️ 22.5% · 🌾 77.5%
Scout Cavalry ×12 · Militia ×11 · Fishing Ship ×1
Feudal
13:30
Castle
17:38
Imperial
—
| APM avg | 26.6 |
| APM peak | 67 |
| eAPM avg | 20.7 |
| Villagers / military | 43 / 12 |
Focus
⚔️ 14.5% · 🌾 85.5%
Knight ×12
Match map
Initial resources + every placement click. Lines = walls · curves = elevation contours. ◆ gold · ⬟ stone · ● berries · ✦ relic · ◌ wall gap
Your base· Open — unwalled flank
Michael Jordan's base· Open — unwalled flank
Smoothed initial terrain · ◌ = detected wall gap · hover for details
Inputs per minute
— Turbine 3.000 - - Michael Jordan
Build order — Turbine 3.000
83 actions detected in the replay
| 0:01 | Create | Villager (Male) |
| 0:01 | Create | Villager (Male) |
| 0:14 | Create | Villager (Male) |
| 0:14 | Create | Villager (Male) |
| 2:21 | Create | Villager (Male) |
| 2:21 | Create | Villager (Male) |
| 3:48 | Build | Lumber Camp |
| 4:18 | Create | Villager (Male) |
| 4:18 | Create | Villager (Male) |
| 4:22 | Create | Villager (Male) |
| 6:06 | Create | Villager (Male) |
| 6:07 | Create | Villager (Male) |
| 6:08 | Create | Villager (Male) |
| 7:03 | Build | Mill |
| 7:14 | Create | Villager (Male) |
| 7:14 | Create | Villager (Male) |
| 7:14 | Create | Villager (Male) |
| 7:15 | Create | Villager (Male) |
| 7:44 | Create | Villager (Male) |
| 8:43 | Build | Mill |
| 9:08 | Create | Villager (Male) |
| 9:25 | Create | Villager (Male) |
| 9:53 | Create | Villager (Male) |
| 10:23 | Research | Feudal Age |
| 10:24 | Research | Loom |
| 10:54 | Build | Barracks |
| 11:31 | Create | Villager (Male) |
| 11:32 | Create | Villager (Male) |
| 11:54 | Build | Mining Camp |
| 11:56 | Create | Militia |
| 11:57 | Create | Militia |
| 11:57 | Create | Militia |
| 12:12 | Build | Dock |
| 12:33 | Age | Feudal Age |
| 12:36 | Research | Double-Bit Axe |
| 12:40 | Research | Horse Collar |
| 13:00 | Create | Fishing Ship |
| 13:14 | Create | Militia |
| 13:26 | Build | Farm |
| 13:30 | Build | Farm |
| 13:33 | Create | Militia |
| 13:55 | Build | Farm |
| 14:28 | Research | Man-at-Arms (upgrade) |
| 15:07 | Build | Stable |
| 15:39 | Create | Militia |
| 15:39 | Create | Militia |
| 15:39 | Create | Militia |
| 16:01 | Create | Villager (Male) |
| 16:02 | Create | Villager (Male) |
| 16:02 | Create | Villager (Male) |
| 16:09 | Create | Villager (Male) |
| 16:12 | Create | Scout Cavalry |
| 16:12 | Create | Scout Cavalry |
| 16:12 | Create | Scout Cavalry |
| 16:12 | Create | Scout Cavalry |
| 16:12 | Create | Scout Cavalry |
| 16:23 | Build | Farm |
| 16:26 | Build | Farm |
| 16:38 | Create | Militia |
| 16:38 | Create | Militia |
| 16:39 | Create | Militia |
| 18:04 | Create | Villager (Male) |
| 18:04 | Create | Villager (Male) |
| 18:05 | Create | Villager (Male) |
| 18:08 | Create | Scout Cavalry |
| 18:08 | Create | Scout Cavalry |
| 18:08 | Create | Scout Cavalry |
| 18:35 | Create | Scout Cavalry |
| 18:35 | Create | Scout Cavalry |
| 18:57 | Build | Farm |
| 18:58 | Build | Farm |
| 18:58 | Build | Farm |
| 18:58 | Build | Farm |
| 18:58 | Build | Farm |
| 18:59 | Build | Farm |
| 18:59 | Build | Farm |
| 18:59 | Build | Farm |
| 18:59 | Build | Farm |
| 19:43 | Create | Scout Cavalry |
| 19:43 | Create | Scout Cavalry |
| 20:04 | Build | Farm |
| 20:05 | Build | Farm |
| 21:10 | Build | Watch Tower |
Build order — Michael Jordan
97 actions detected in the replay
| 0:00 | Create | Villager (Male) |
| 0:01 | Create | Villager (Male) |
| 0:01 | Create | Villager (Male) |
| 0:01 | Create | Villager (Male) |
| 0:01 | Create | Villager (Male) |
| 0:04 | Build | House |
| 0:06 | Build | House |
| 1:32 | Create | Villager (Male) |
| 1:32 | Create | Villager (Male) |
| 2:03 | Create | Villager (Male) |
| 2:03 | Create | Villager (Male) |
| 2:20 | Create | Villager (Male) |
| 2:24 | Build | Lumber Camp |
| 2:51 | Create | Villager (Male) |
| 2:51 | Create | Villager (Male) |
| 3:49 | Create | Villager (Male) |
| 3:49 | Create | Villager (Male) |
| 4:08 | Create | Villager (Male) |
| 4:08 | Create | Villager (Male) |
| 4:28 | Build | House |
| 4:31 | Build | House |
| 4:34 | Create | Villager (Male) |
| 4:34 | Create | Villager (Male) |
| 4:34 | Create | Villager (Male) |
| 4:38 | Create | Villager (Male) |
| 4:47 | Build | Mill |
| 5:17 | Create | Villager (Male) |
| 5:22 | Build | House |
| 5:47 | Create | Villager (Male) |
| 5:48 | Create | Villager (Male) |
| 6:15 | Create | Villager (Male) |
| 6:15 | Create | Villager (Male) |
| 6:39 | Create | Villager (Male) |
| 6:39 | Create | Villager (Male) |
| 7:24 | Create | Villager (Male) |
| 7:25 | Create | Villager (Male) |
| 7:25 | Create | Villager (Male) |
| 7:38 | Create | Villager (Male) |
| 8:40 | Build | Lumber Camp |
| 8:47 | Create | Villager (Male) |
| 8:59 | Build | House |
| 9:15 | Build | House |
| 9:23 | Create | Villager (Male) |
| 9:23 | Create | Villager (Male) |
| 9:28 | Research | Loom |
| 9:34 | Create | Villager (Male) |
| 9:36 | Research | Loom |
| 9:37 | Research | Loom |
| 9:44 | Build | Mining Camp |
| 10:14 | Build | Barracks |
| 10:17 | Research | Feudal Age |
| 11:16 | Create | Villager (Male) |
| 11:16 | Create | Villager (Male) |
| 11:16 | Create | Villager (Male) |
| 11:30 | Build | Farm |
| 11:39 | Build | Farm |
| 11:45 | Build | Farm |
| 11:49 | Build | Farm |
| 11:52 | Build | Farm |
| 11:53 | Build | Farm |
| 11:56 | Build | Farm |
| 12:20 | Build | Mining Camp |
| 12:31 | Build | Farm |
| 12:34 | Build | Farm |
| 13:30 | Age | Feudal Age |
| 13:31 | Build | Blacksmith |
| 13:50 | Build | Stable |
| 14:04 | Research | Double-Bit Axe |
| 14:25 | Build | Farm |
| 14:58 | Research | Castle Age |
| 14:58 | Research | Castle Age |
| 16:19 | Build | Farm |
| 16:22 | Build | Farm |
| 16:35 | Build | Farm |
| 16:42 | Build | Watch Tower |
| 16:55 | Build | Stable |
| 17:01 | Build | House |
| 17:38 | Age | Castle Age |
| 17:40 | Create | Knight |
| 17:41 | Create | Knight |
| 17:41 | Create | Knight |
| 17:41 | Create | Knight |
| 17:41 | Create | Knight |
| 17:41 | Create | Knight |
| 18:30 | Research | Husbandry |
| 18:53 | Create | Knight |
| 18:53 | Create | Knight |
| 20:15 | Create | Villager (Male) |
| 20:15 | Create | Villager (Male) |
| 20:15 | Create | Villager (Male) |
| 20:35 | Create | Knight |
| 20:36 | Create | Knight |
| 20:36 | Create | Knight |
| 20:36 | Create | Knight |
| 20:49 | Build | Lumber Camp |
| 21:24 | Create | Villager (Male) |
| 21:24 | Create | Villager (Male) |
Match timeline
| 10:14 | Michael Jordan · first_building Barracks |
| 10:54 | Turbine 3.000 · first_building Barracks |
| 12:12 | Turbine 3.000 · first_building Dock |
| 12:33 | Turbine 3.000 · age_up feudal |
| 13:30 | Michael Jordan · age_up feudal |
| 13:50 | Michael Jordan · first_building Stable |
| 15:07 | Turbine 3.000 · first_building Stable |
| 17:38 | Michael Jordan · age_up castle |
| 21:29 | Turbine 3.000 · resign |
[ AI ANALYSIS · 1 CREDIT ]
What really happened in this match?
Wolo.gg analyzes every decision: build order, eco, micro, common mistakes by bracket. Personalized analysis on WhatsApp or Discord in 30 seconds.
Civ guide
Huns
Map guide
Border Dispute
Perfil
Turbine 3.000